 Dungeon Crawl Stone Soup version 0.27.1-4-g1640c2035a (webtiles) character file.

Game seed: 16537913788184787600

54 belegose the Charlatan (level 3, -4/27 HPs)
             Began as a Mummy Artificer on Nov 6, 2021.
             Slain by Natasha (7 damage)
             ... on level 3 of the Dungeon.
             The game lasted 00:04:37 (2234 turns).

belegose the Charlatan (Mummy Artificer)            Turns: 2234, Time: 00:04:37

Health: -4/27      AC:  6    Str: 15    XL:     3   Next: 66%
Magic:  3/3        EV:  9    Int: 11    God:
Gold:   40         SH:  0    Dex: 12    Spells: 2/2 levels left

rFire    x . .     SeeInvis .   a - +0 mace
rCold    + . .     Faith    .   (no shield)
rNeg     + + +     Spirit   .   j - +0 scale mail
rPois    ∞         Reflect  .   (no helmet)
rElec    .         Harm     .   (no cloak)
rCorr    .         Rampage  .   (no gloves)
Will     .....                  (no boots)
Stlth    ..........             (no amulet)
HPRegen  0.09/turn              (no ring)
MPRegen  0.08/turn              (no ring)

@: no status effects
A: cold resistance 1, negative energy resistance 3, torment resistance 2, heat
vulnerability 1, no potions
a: no special abilities


You were on level 3 of the Dungeon.
You visited 1 branch of the dungeon, and saw 3 of its levels.

You collected 40 gold pieces.

Inventory:

Hand Weapons
 a - a +0 mace (weapon)
Missiles
 b - 6 boomerangs
 g - 12 bolts
 h - 73 stones
 i - 18 poisoned darts
Armour
 j - a +0 scale mail (worn)
Wands
 c - a wand of flame (15) (quivered)
 d - a wand of charming (13)
Scrolls
 f - 4 scrolls of identify {unknown}
 k - a scroll of magic mapping {unknown}
Miscellaneous
 e - a piece from Xom's chessboard (15/15)


   Skills:
 + Level 2.0 Fighting
 + Level 0.9 Throwing
 + Level 2.1 Armour
 - Level 0.7 Dodging
 - Level 0.7 Stealth
 + Level 2.9 Evocations


You had 2 spell levels left.
You didn't know any spells.
Your spell library was empty.

Dungeon Overview and Level Annotations

Branches:
Dungeon (3/15)

Altars:
Fedhas

Annotations:
D:2 Sigmund
D:3 Natasha


Innate Abilities, Weirdness & Mutations

You are immune to poison.
Your flesh is cold resistant. (rC+)
You are immune to negative energy. (rN+++)
You are immune to unholy pain and torment.
You are vulnerable to heat. (rF-)
You do not drink.


Message History

You barely miss the goblin. The goblin hits you with a +0 dagger.
You closely miss the goblin. The goblin closely misses you. x2
You hit the goblin but do no damage. The goblin hits you with a +0 dagger.
You sock the goblin!
You kill the goblin!
h - 73 stones (gained 17)
Items here: ))) †.
Natasha, Servant of Life and Death comes into view.
Natasha hisses angrily.
Found a wooden ring.
Natasha claws you.
You hit Natasha but do no damage.
Natasha mumbles some strange words.
You hit Natasha but do no damage. Natasha claws you.
Natasha mumbles some strange words.
Natasha glows brightly for a moment.
Natasha claws you but does no damage.
You miss Natasha. Natasha barely misses you.
You hit Natasha.
Natasha is lightly wounded.
The shadow imp hits you but does no damage.
Natasha closely misses you.
The shadow imp hits you but does no damage.
Natasha claws you.
You closely miss Natasha.
Natasha is lightly wounded.
The shadow imp hits you. Natasha claws you but does no damage.
You miss Natasha.
Natasha is lightly wounded.
The shadow imp hits you but does no damage.
Natasha claws you. The shadow imp hits you.
You closely miss Natasha.
Natasha is lightly wounded.
Natasha claws you!
* * * LOW HITPOINT WARNING * * *
The shadow imp misses you. Natasha barely misses you.
You closely miss Natasha.
Natasha is lightly wounded.
The shadow imp hits you but does no damage.
Natasha claws you!
You die...

### ... # #.###
#.#### #...#
##.....###...###
=......#.......#
#.5@.......#
#...h#.......#
#....#.#...#.#
######.#...#.#
#.##..#.#
#.###.#.# ##+##
#.###.#.#
##...##
#.......#
##.....##
#####.###


You could see Natasha and a shadow imp (summoned).

Vanquished Creatures
  A dart slug (D:3)
  An orc (D:3)
  6 bats
  4 endoplasms
  A giant cockroach (D:1)
  6 goblins
  3 hobgoblins
  2 jackals (D:1)
  4 kobolds
  5 quokkas (D:1)
  5 ball pythons
  2 frilled lizards (D:2)
  2 rats
42 creatures vanquished.

Vanquished Creatures (others)
  A hobgoblin (D:1)
  A plant (D:2)
2 creatures vanquished.

Grand Total: 44 creatures vanquished

Notes
Turn   | Place    | Note
-------+----------+-------------------------------------------
     0 | D:1      | belegose the Mummy Artificer began the quest for the Orb.
     0 | D:1      | Reached XP level 1. HP: 15/15 MP: 1/1
   511 | D:1      | Reached XP level 2. HP: 14/21 MP: 2/2
  1031 | D:1      | Found a faded altar of an unknown god.
  1178 | D:2      | Reached XP level 3. HP: 22/27 MP: 3/3
  1619 | D:2      | Found a blossoming altar of Fedhas.
  1628 | D:2      | Noticed Sigmund
  2225 | D:3      | Noticed Natasha
  2234 | D:3      | Slain by Natasha

Illustrated notes

Levels and vault maps discovered:
D:1:      psy_arrival_conway, layout_rooms,
          hellmonk_ecumenical_altar_inner_sanctum
D:2:      layout_rooms, basic_altar, grunt_ministairs_5, serial_bayou_crossing,
          uniq_sigmund
D:3:      layout_loops_corners, nemelex_spade_bored_becter, uniq_jessica,
          uniq_natasha

Skill      XL: |  1  2  3 |
---------------+----------+-----
Armour         | 2 |  2.1
Fighting       | 2 |  2.0
Throwing       | |  0.9
Dodging        | |  0.7
Stealth        | |  0.7
Evocations     | |  2.9

Action                   || total
-------------------------++-------
Melee: Mace              ||   130
Evoke: Wand              ||     2
Armor: Leather armour    ||     6
       Scale mail        ||    49
Dodge: Dodged            ||    76
